 Dungeon Crawl Stone Soup version 0.31-a0-845-g9abc20d24f (webtiles) character file.

Game seed: 3139515942584472387

2650 randomguy2701 the Reanimator (level 9, -6/62 (66) HPs)
             Began as a Gnoll Wanderer on Oct 1, 2023.
             Was a Follower of Sif Muna.
             Engulfed by a steam dragon's steam (13 damage)
             ... on level 7 of the Dungeon.
             The game lasted 00:12:39 (7603 turns).

randomguy2701 the Reanimator (Gnoll Wanderer)       Turns: 7603, Time: 00:12:40

HP:   -6/62 (66)    AC:  8    Str: 11    XL:     9   Next: 62%
MP:   4/17          EV: 13    Int: 16    God:    Sif Muna [*.....]
Gold: 263           SH:  0    Dex: 12    Spells: 17/18 levels left

rFire   x . .        h - +4 spear
rCold   + . .        (no shield)
rNeg    + . .        o - +2 robe {rN+}
rPois   .            d - +0 helmet
rElec   .            (no cloak)
rCorr   .            g - +0 pair of gloves
SInv    .            p - +0 pair of boots
Will    .....        y - amulet of regeneration
Stlth   +++          x - ring of ice
HPRegen 1.10/turn    (no ring)
MPRegen 0.15/turn

%: no passive effects
@: drained
A: fangs 1, strong nose, distributed training
a: Renounce Religion, Channel Magic


You were on level 7 of the Dungeon.
You worshipped Sif Muna.
Sif Muna was aware of your devotion.
You visited 2 branches of the dungeon, and saw 8 of its levels.

You collected 263 gold pieces.

Inventory:

Hand Weapons
 a - a +0 mace
 h - a +4 spear (weapon)
Armour
 d - a +0 helmet (worn)
 g - a +0 pair of gloves (worn)
 o - a +2 robe of positive energy (worn)
 p - a +0 pair of boots (worn)
Jewellery
 x - a ring of ice (left hand)
 y - an amulet of regeneration (around neck)
Wands
 b - a wand of flame (5)
 n - a wand of paralysis (35)
 u - a wand of roots (3)
Scrolls
 e - 5 scrolls of identify {unknown}
 f - 2 scrolls of blinking {unknown}
 m - a scroll of torment {unknown}
 r - a scroll of butterflies {unknown}
 s - 2 scrolls of amnesia {unknown}
 t - a scroll of noise {unknown}
 v - 2 scrolls of teleportation {unknown}
Potions
 c - 2 potions of lignification
 i - a potion of heal wounds {unknown}
 j - a potion of berserk rage {unknown}
 k - 4 potions of resistance {unknown}
 l - 2 potions of attraction {unknown}
 q - a potion of curing {unknown}
 w - a potion of brilliance {unknown}
 z - a potion of haste {unknown}


   Skills:
 + Level 4.5 Fighting
 + Level 4.5 Short Blades
 + Level 4.5 Long Blades
 + Level 4.5 Axes
 + Level 6.5 Maces & Flails
 + Level 4.5 Polearms
 + Level 4.5 Staves
 + Level 4.5 Ranged Weapons
 + Level 4.5 Throwing
 + Level 4.5 Armour
 + Level 4.5 Dodging
 + Level 4.5 Stealth
 + Level 4.5 Shields
 + Level 4.5 Unarmed Combat
 + Level 5.4 Spellcasting
 + Level 3.7 Conjurations
 + Level 3.7 Hexes
 + Level 3.7 Summonings
 + Level 8.1 Necromancy
 + Level 3.7 Translocations
 + Level 3.7 Transmutations
 + Level 3.7 Fire Magic
 + Level 3.7 Ice Magic
 + Level 3.7 Air Magic
 + Level 3.7 Earth Magic
 + Level 3.7 Poison Magic
 + Level 5.0 Invocations
 + Level 8.0 Evocations
 + Level 4.1 Shapeshifting


You had 17 spell levels left.
You knew the following spells:

 Your Spells              Type           Power      Damage    Failure   Level
a - Necrotise             Necr           100%       1d9       1%          1

Your spell library contained the following spells:

 Spells                   Type           Power      Damage    Failure   Level
 Sublimation of Blood     Necr           30%        N/A       1%          2
 Vampiric Draining        Necr           30%        2d8       1%          3
 Cigotuvi's Dreadful Rot  Necr/Pois/Air  40%        N/A       2%          2
 Ensorcelled Hibernation  Hex/Ice        48%        N/A       4%          2
 Passwall                 Tmut/Erth      13%        N/A       4%          2
 Wereblood                Tmut           16%        N/A       4%          2
 Ignite Poison            Fire/Tmut/Pois 16%        N/A       10%         3
 Swiftness                Air            16%        N/A       10%         3
 Animate Armour           Summ/Erth      32%        N/A       32%         4
 Summon Lightning Spire   Summ/Air       16%        N/A       32%         4
 Freezing Cloud           Conj/Ice/Air   12%        6-21      65%         5
 Lee's Rapid Deconstruct  Erth           8%         3d7*      65%         5
 Summon Hydra             Summ           8%         N/A       100%        7


Dungeon Overview and Level Annotations

Branches:
Dungeon (7/15)             Temple (1/1) D:4

Altars:
Ashenzari
Cheibriados
Dithmenos
Fedhas
Gozag
Hepliaklqana
Kikubaaqudgha
Makhleb
Nemelex Xobeh
Okawaru
Qazlal
Ru
Sif Muna
Trog
Uskayaw
Vehumet
Wu Jian
Xom
Yredelemnul
Zin
The Shining One

Shops:
D:4 [   D:5 (


Innate Abilities, Weirdness & Mutations

You have very sharp teeth.
Your uncanny sense of smell can sniff out nearby items.
Your experience applies equally to all skills.


Message History

You kill the orc warrior!
Sif Muna accepts your kill.
The dead are walking!
Your Invocations skill increases to level 5!
You swap places.
The steam dragon bites your orc warrior skeleton!
The steam dragon claws your orc warrior skeleton.
The orc wizard hits your orc warrior skeleton with a +0 dagger of protection.
You hear some strange, mumbled words.
A puff of flame appears from out of thin air!
The puff of flame hits your orc warrior skeleton!
Your orc warrior skeleton is destroyed!
The orc wizard points at you and mumbles some strange words.
You easily resist.
The steam dragon misses you. The steam dragon completely misses you.
The steam dragon breathes steam at you. The ball of steam hits you!
The steam scalds you terribly!
* * * LOW HITPOINT WARNING * * *
There is an open door here.
The wight attacks as it pursues you! The wight barely misses you.
The wight is engulfed in a cloud of scalding steam.
The wight attacks as it pursues you! The wight completely misses you.
The wight is engulfed in a cloud of scalding steam.
The wight attacks as it pursues you! The wight barely misses you.
The wight attacks as it pursues you! The wight hits you with a +0 flail.
* * * LOW HITPOINT WARNING * * *
You partially resist.
You feel drained.
The orc wizard gestures wildly while chanting.
The orc wizard flickers and vanishes!
The wight attacks as it pursues you! The wight barely misses you.
The wight attacks as it pursues you! The wight hits you with a +0 flail!
* * * LOW HITPOINT WARNING * * *
You partially resist.
You feel drained. The wight attacks as it pursues you!
The wight closely misses you. The wight attacks as it pursues you!
The wight barely misses you. The steam dragon breathes steam at you.
The ball of steam hits you! The steam scalds you terribly!
* * * LOW HITPOINT WARNING * * *
You are engulfed in a cloud of scalding steam.
You die...

##....#.# #..## ###...
#.....#.# ##...#
###..z#. .....##.#
#..#.###.>>###.
....###.##
#.##.##..### ##
#'#####..#
###.##....## #.
.........#
##...###..#######.
##.....#.#
#..####........#..
#.##....### #.##
##.######.#.#
#.##.#....# #@# #..#
#...# #.##.####.##
##§# ##.## #..##
#....# #..###§z###.>#
##.#
###..#####.D#.§###..##
#.# #....#
##.#D###..## ###
##.#.# #...# #.##
#.#.# ##..###.# ######
#.#.######.....#
#.....
#.#..#.......###
#.....


You could see a wight.

Vanquished Creatures
  Eustachio (D:5)
  A steam dragon (D:7)
  A water moccasin (D:7)
  2 orc warriors (D:7)
  2 ice beasts
  3 black bears (D:4)
  An ogre (D:7)
  A phantom (D:6)
  A kobold brigand (D:6)
  A bullfrog (D:6)
  Blork the orc (D:5)
  6 wights
  A howler monkey (D:7)
  A gnoll bouda (D:7)
  5 jellies
  5 hounds
  An orc priest (D:4)
  Jessica (D:3)
  2 sleepcaps
  Natasha (thrice) (D:2)
  4 iguanas
  An orc wizard (D:4)
  8 adders
  4 gnolls
  A shadow imp (D:6)
  A white imp (D:6)
  2 ufetubi
  A worm (D:3)
  3 dart slugs
  14 orcs
  5 ball pythons
  11 bats
  7 endoplasms
  3 giant cockroaches
  7 goblins
  7 hobgoblins
  7 jackals
  2 quokkas
  3 frilled lizards
  7 kobolds
  2 rats (D:2)
140 creatures vanquished.

Vanquished Creatures (collateral kills)
  A hound (D:5)
  An orc wizard (D:6)
  An endoplasm (D:4)
  A giant cockroach (D:4)
  2 ball pythons
  A kobold (D:6)
7 creatures vanquished.

Vanquished Creatures (others)
  An orc wizard (D:7)
1 creature vanquished.

Grand Total: 148 creatures vanquished

Notes
Turn   | Place    | Note
-------+----------+-------------------------------------------
     0 | D:1      | randomguy2701 the Gnoll Wanderer began the quest for the
                  | Orb.
     0 | D:1      | randomguy2701 set off with the following items: a +0 mace,
                  | a wand of flame (5), a potion of lignification, a +0
                  | leather armour; and the following spell memorised:
                  | Necrotise; and the following spells available to memorise:
                  | Vampiric Draining, Cigotuvi's Dreadful Rot.
     0 | D:1      | Reached XP level 1. HP: 13/13 MP: 4/4
   142 | D:1      | Reached XP level 2. HP: 16/19 MP: 0/5
   640 | D:1      | Reached XP level 3. HP: 25/25 MP: 5/7
   991 | D:2      | Noticed Natasha
  1000 | D:2      | Killed Natasha
  1001 | D:2      | Reached skill level 1 in Fighting
  1001 | D:2      | Reached skill level 1 in Short Blades
  1001 | D:2      | Reached skill level 1 in Long Blades
  1001 | D:2      | Reached skill level 1 in Axes
  1001 | D:2      | Reached skill level 1 in Polearms
  1001 | D:2      | Reached skill level 1 in Staves
  1001 | D:2      | Reached skill level 1 in Ranged Weapons
  1001 | D:2      | Reached skill level 1 in Throwing
  1001 | D:2      | Reached skill level 1 in Armour
  1001 | D:2      | Reached skill level 1 in Dodging
  1001 | D:2      | Reached skill level 1 in Stealth
  1001 | D:2      | Reached skill level 1 in Shields
  1001 | D:2      | Reached skill level 1 in Unarmed Combat
  1001 | D:2      | Reached skill level 1 in Invocations
  1239 | D:2      | Reached XP level 4. HP: 32/32 MP: 4/8
  1313 | D:2      | Reached skill level 1 in Shapeshifting
  1317 | D:2      | Noticed Natasha
  1321 | D:2      | Killed Natasha
  1322 | D:2      | Reached skill level 1 in Conjurations
  1322 | D:2      | Reached skill level 1 in Hexes
  1322 | D:2      | Reached skill level 1 in Summonings
  1322 | D:2      | Reached skill level 1 in Translocations
  1322 | D:2      | Reached skill level 1 in Transmutations
  1322 | D:2      | Reached skill level 1 in Fire Magic
  1322 | D:2      | Reached skill level 1 in Ice Magic
  1322 | D:2      | Reached skill level 1 in Air Magic
  1322 | D:2      | Reached skill level 1 in Earth Magic
  1322 | D:2      | Reached skill level 1 in Poison Magic
  1429 | D:2      | Noticed Natasha
  1440 | D:2      | Killed Natasha
  1519 | D:2      | Reached XP level 5. HP: 35/37 MP: 3/9
  1596 | D:2      | Identified the +3 chain mail "Baavap" {Harm}
  2344 | D:3      | Noticed Jessica
  2350 | D:3      | Killed Jessica
  2969 | D:4      | Reached XP level 6. HP: 42/44 MP: 2/11
  3079 | D:4      | Noticed a black bear
  3090 | D:4      | Killed a black bear
  3091 | D:4      | Reached skill level 5 in Maces & Flails
  3503 | D:4      | Found Catusm's Antique Armour Boutique.
  3697 | D:4      | Noticed a black bear
  3710 | D:4      | Killed a black bear
  3711 | D:4      | Reached XP level 7. HP: 33/51 MP: 0/12
  4031 | D:4      | Found a staircase to the Ecumenical Temple.
  4136 | Temple   | Entered the Ecumenical Temple
  4156 | Temple   | Became a worshipper of Sif Muna the Loreminder
  4257 | D:5      | Entered Level 5 of the Dungeon
  4487 | D:5      | Noticed Eustachio
  4616 | D:5      | Killed Eustachio
  4825 | D:5      | Reached XP level 8. HP: 57/57 MP: 8/14
  5093 | D:5      | Found Eludoyve's Weapon Shop.
  5204 | D:5      | Noticed Blork the orc
  5215 | D:5      | Killed Blork the orc
  5492 | D:6      | Reached * piety under Sif Muna
  6406 | D:7      | Reached XP level 9. HP: 42/65 MP: 3/16
  6601 | D:7      | Reached skill level 5 in Spellcasting
  7572 | D:7      | Reached skill level 5 in Invocations
  7576 | D:7      | HP: 1/64 [steam dragon/ball of steam (13)]
  7588 | D:7      | HP: 1/63 [wight/+0 flail (12)]
  7603 | D:7      | Engulfed by a steam dragon's steam

Illustrated notes

Levels and vault maps discovered:
D:1:      minmay_arrival_hallway, layout_basic
D:2:      layout_basic, uniq_natasha
D:3:      layout_loops_cross, feat_on_display, uniq_jessica
D:4:      layout_loops_ring, temple_hall, serial_shops,
          nicolae_shop_back_alley_shop, serial_forest,
          infiniplex_forest_straight_1, infiniplex_forest_clump_small,
          infiniplex_forest_lined_room_2, infiniplex_forest_straight_5,
          infiniplex_forest_lined_3, infiniplex_forest_corner_1,
          infiniplex_forest_lined_room_2, infiniplex_forest_clump_tiny,
          infiniplex_forest_clump_long
D:5:      layout_loops_ring, serial_shops, nicolae_shop_tiny_real_fake_doors,
          minivault_14, uniq_blork_the_orc, uniq_eustachio
D:6:      layout_gridville
D:7:      layout_rooms, minmay_quadrilaterals
Temple:   mainiacjoe_temple_trianglar_array

Skill      XL: |  1  2  3  4  5  6  7  8  9 |
---------------+----------------------------+-----
Fighting       | 1 2 3 4 |  4.5
Short Blades   | 1 2 3 4 |  4.5
Long Blades    | 1 2 3 4 |  4.5
Axes           | 1 2 3 4 |  4.5
Polearms       | 1 2 3 4 |  4.5
Staves         | 1 2 3 4 |  4.5
Ranged Weapons | 1 2 3 4 |  4.5
Throwing       | 1 2 3 4 |  4.5
Armour         | 1 2 3 4 |  4.5
Dodging        | 1 2 3 4 |  4.5
Stealth        | 1 2 3 4 |  4.5
Shields        | 1 2 3 4 |  4.5
Unarmed Combat | 1 2 3 4 |  4.5
Invocations    | 1 2 3 4 5 |  5.0
Shapeshifting  | 1 2 3 4 |  4.1
Spellcasting   | 3 4 5 |  5.4
Conjurations   | 1 2 3 |  3.7
Hexes          | 1 2 3 |  3.7
Summonings     | 1 2 3 |  3.7
Translocations | 1 2 3 |  3.7
Transmutations | 1 2 3 |  3.7
Fire Magic     | 1 2 3 |  3.7
Ice Magic      | 1 2 3 |  3.7
Air Magic      | 1 2 3 |  3.7
Earth Magic    | 1 2 3 |  3.7
Poison Magic   | 1 2 3 |  3.7
Maces & Flails | 5 6 |  6.5
Evocations     | 7 8 |  8.0
Necromancy     | 8 |  8.1

Action                     |  1- 3 |  4- 6 |  7- 9 || total
---------------------------+-------+-------+-------++-------
  Melee: Mace              |    10 |     3 |       ||    13
         Spear             |       |    17 |   133 ||   150
         Bite              |       |       |    15 ||    15
         Punch             |       |       |     4 ||     4
   Cast: Necrotise         |    47 |   121 |   227 ||   395
  Evoke: Wand              |       |       |     1 ||     1
   Stab: Sleeping          |       |     2 |     1 ||     3
 Armour: Leather armour    |    26 |    12 |       ||    38
         Robe              |       |    42 |   195 ||   237
  Dodge: Dodged            |    25 |    44 |   194 ||   263

Table legend: (Time is in decaauts)
 A = Elapsed time spent in this place.
 B = Non-inter-level travel time spent in this place.
 C = Inter-level travel time spent in this place.
 D = Time resting spent in this place.
 E = Time spent auto-exploring this place.
 F = Levels seen in this place.
 G = Mean time per level.
                   A        B        C        D        E       F      G
               +--------+--------+--------+--------+--------+-----+--------+
         Total |   7600 |   7135 |    465 |    115 |   5817 |   8 |  950.0 |
       Dungeon |   7560 |   7134 |    426 |    115 |   5817 |   7 | 1080.0 |
        Temple |     39 |      1 |     38 |      0 |      0 |   1 |   39.0 |
               +--------+--------+--------+--------+--------+-----+--------+

Top non-repeatable levels by time:
     D:4: 1440 daAuts
     D:6: 1156 daAuts
     D:5: 1068 daAuts
     D:7: 1005 daAuts
     D:1: 992 daAuts
     D:3: 980 daAuts
     D:2: 916 daAuts
  Temple: 39 daAuts
